3AAA
PENNSAUKEN FLYERS @ SIOUX FALLS RED PANDAS
08/24/2030
 
TOP OF THE 1ST
Pennsauken Flyers batting - Pitching for Sioux Falls Red Pandas : RHP Henry Yates
Pitching: RHP Henry Yates
Batting: LHB Manuel Márquez 0-0: Ball
1-0: Ground out U3 (Groundball, 3)
Batting: RHB Bartolo Rosas 0-0: Ball
1-0: Ball
2-0: Called Strike
2-1: Fly out, F5 (Popup, 56)
Batting: RHB Patrick Eggen 0-0: Foul Ball, location: 2F
0-1: Ball
1-1: Swinging Strike
1-2: Ball
2-2: Strikes out swinging
Top of the 1st over - 0 runs, 0 hits, 0 errors, 0 left on base; Pennsauken 0 - Sioux Falls 0
BOTTOM OF THE 1ST
Sioux Falls Red Pandas batting - Pitching for Pennsauken Flyers : RHP Luis Torrez
Pitching: RHP Luis Torrez
Batting: LHB José León 0-0: Ground out U3 (Groundball, 34S)
Batting: RHB Juan Aguirre 0-0: Called Strike
0-1: Fly out, F1 (Line Drive, 13)
Batting: RHB Lorenzo Díaz 0-0: Ball
1-0: Ball
2-0: Foul Ball, location: 2F
2-1: Foul Ball, location: 2F
2-2: Foul Ball, location: 2F
2-2: Ball
3-2: Ground out 6-3 (Groundball, 6)
Bottom of the 1st over - 0 runs, 0 hits, 0 errors, 0 left on base; Pennsauken 0 - Sioux Falls 0
TOP OF THE 2ND
Pennsauken Flyers batting - Pitching for Sioux Falls Red Pandas : RHP Henry Yates
Batting: RHB Enrique Ibarra 0-0: SINGLE (Line Drive, 7S)
Batting: SHB Pedro Ortega 0-0: Ball
1-0: SINGLE (Flyball, 7S)
Enrique Ibarra to second
Batting: RHB Raúl Javier Jr. 0-0: Fly out, F9 (Line Drive, 9)
Runner from 2nd tags up, OUT at 3rd
Batting: RHB Raúl Francisco 0-0: Ball
1-0: Ground out 4-3 (Groundball, 4)
Top of the 2nd over - 0 runs, 2 hits, 0 errors, 1 left on base; Pennsauken 0 - Sioux Falls 0
BOTTOM OF THE 2ND
Sioux Falls Red Pandas batting - Pitching for Pennsauken Flyers : RHP Luis Torrez
Batting: LHB Magali Lenidas 0-0: Ball
1-0: Called Strike
1-1: Ball
2-1: Swinging Strike
2-2: Ball
3-2: Base on Balls
Batting: LHB John Brewer 0-0: Foul Ball, location: 2F
0-1: Ball
1-1: Ball
2-1: 2-RUN HOME RUN (Flyball, 9D), Distance : 409 ft
Batting: LHB Mike Goff 0-0: Foul Ball, location: 2F
0-1: Ball
1-1: Ground out 6-3 (Groundball, 6)
Batting: LHB Jorge Flores 0-0: Foul Ball, location: 2F
0-1: Ball
1-1: Foul Ball, location: 2F
1-2: Ball
2-2: Strikes out swinging
Batting: RHB Pedro Morales 0-0: Foul Ball, location: 2F
0-1: Hit by Pitch
Batting: RHB Pau Arria 0-0: Called Strike
0-1: Foul Ball, location: 2F
0-2: Ground out 6-3 (Groundball, 56)
Bottom of the 2nd over - 2 runs, 1 hit, 0 errors, 1 left on base; Pennsauken 0 - Sioux Falls 2
TOP OF THE 3RD
Pennsauken Flyers batting - Pitching for Sioux Falls Red Pandas : RHP Henry Yates
Batting: RHB Carlos Deleón 0-0: Ball
1-0: Foul Ball, location: 2F
1-1: Ground out 5-3 (Groundball, 56)
Batting: RHB Diego Romero 0-0: Ball
1-0: Ball
2-0: Fly out, F7 (Flyball, 7LM)
Batting: LHB Manuel Márquez 0-0: Ball
1-0: Ball
2-0: Called Strike
2-1: Foul Ball, location: 2F
2-2: Ball
3-2: Strikes out swinging
Top of the 3rd over - 0 runs, 0 hits, 0 errors, 0 left on base; Pennsauken 0 - Sioux Falls 2
BOTTOM OF THE 3RD
Sioux Falls Red Pandas batting - Pitching for Pennsauken Flyers : RHP Luis Torrez
Batting: LHB José León 0-0: Ball
1-0: Ground out U3 (Groundball, 34)
Batting: RHB Juan Aguirre 0-0: Called Strike
0-1: Ball
1-1: Ball
2-1: Foul Ball, location: 2F
2-2: Fly out, F9 (Flyball, 9S)
Batting: RHB Lorenzo Díaz 0-0: Ball
1-0: Ball
2-0: Swinging Strike
2-1: Fly out, F9 (Flyball, 89S)
Bottom of the 3rd over - 0 runs, 0 hits, 0 errors, 0 left on base; Pennsauken 0 - Sioux Falls 2
TOP OF THE 4TH
Pennsauken Flyers batting - Pitching for Sioux Falls Red Pandas : RHP Henry Yates
Batting: RHB Bartolo Rosas 0-0: Foul Ball, location: 2F
0-1: Swinging Strike
0-2: Strikes out swinging
Batting: RHB Patrick Eggen 0-0: Called Strike
0-1: Foul Ball, location: 2F
0-2: Ball
1-2: Ball
2-2: Fly out, F4 (Flyball, 34D)
Batting: RHB Enrique Ibarra 0-0: Ground out 6-3 (Groundball, 6)
Top of the 4th over - 0 runs, 0 hits, 0 errors, 0 left on base; Pennsauken 0 - Sioux Falls 2
BOTTOM OF THE 4TH
Sioux Falls Red Pandas batting - Pitching for Pennsauken Flyers : RHP Luis Torrez
Batting: LHB Magali Lenidas 0-0: Called Strike
0-1: Swinging Strike
0-2: Fly out, F4 (Popup, 4S)
Batting: LHB John Brewer 0-0: Ball
1-0: Called Strike
1-1: Foul Ball, location: 2F
1-2: Ground out 4-3 (Groundball, 4)
Batting: LHB Mike Goff 0-0: Ball
1-0: Foul Ball, location: 2F
1-1: Foul Ball, location: 2F
1-2: Strikes out swinging
Bottom of the 4th over - 0 runs, 0 hits, 0 errors, 0 left on base; Pennsauken 0 - Sioux Falls 2
TOP OF THE 5TH
Pennsauken Flyers batting - Pitching for Sioux Falls Red Pandas : RHP Henry Yates
Batting: SHB Pedro Ortega 0-0: Ball
1-0: Ball
2-0: Ball
3-0: Base on Balls
Batting: RHB Raúl Javier Jr. 0-0: Foul Ball, location: 2F
0-1: Foul Ball, location: 2F
0-2: Ball
1-2: Ball
2-2: Strikes out swinging
Batting: RHB Raúl Francisco Pickoff Throw to First - Error! E1
Pedro Ortega to second
0-0: Ball
1-0: Fly out, F3 (Popup, 34S)
Batting: RHB Carlos Deleón 0-0: Ball
1-0: Ball
2-0: Ball
3-0: Called Strike
3-1: Base on Balls
Batting: RHB Diego Romero 0-0: Called Strike
0-1: Ball
1-1: Fielders Choice at 2nd, 6-4 (Groundball, 56D)
Top of the 5th over - 0 runs, 0 hits, 1 error, 2 left on base; Pennsauken 0 - Sioux Falls 2
BOTTOM OF THE 5TH
Sioux Falls Red Pandas batting - Pitching for Pennsauken Flyers : RHP Luis Torrez
Batting: LHB Jorge Flores 0-0: Fly out, F7 (Flyball, 7LMF)
Batting: RHB Pedro Morales 0-0: Called Strike
0-1: Called Strike
0-2: Foul Ball, location: 2F
0-2: Ball
1-2: Foul Ball, location: 2F
1-2: Foul Ball, location: 2F
1-2: Ground out 5-3 (Groundball, 56)
Batting: RHB Pau Arria 0-0: Ball
1-0: Called Strike
1-1: Ball
2-1: Fly out, F8 (Flyball, 8LS)
Bottom of the 5th over - 0 runs, 0 hits, 0 errors, 0 left on base; Pennsauken 0 - Sioux Falls 2
TOP OF THE 6TH
Pennsauken Flyers batting - Pitching for Sioux Falls Red Pandas : RHP Henry Yates
Batting: LHB Manuel Márquez 0-0: Called Strike
0-1: DOUBLE (Line Drive, 7LS)
Batting: RHB Bartolo Rosas 0-0: Ball
1-0: Called Strike
1-1: Ball
2-1: Called Strike
2-2: Ball
3-2: Base on Balls
Batting: RHB Patrick Eggen 0-0: Called Strike
0-1: Ball
1-1: Ball
2-1: Ball
3-1: Foul Ball, location: 2F
3-2: Base on Balls
Manuel Márquez to third
Bartolo Rosas to second
Batting: RHB Enrique Ibarra 0-0: Ball
1-0: Fly out, F8 (Flyball, 8RM)
Runner from 3rd tags up, SCORES, throw made
Batting: SHB Pedro Ortega 0-0: Ball
1-0: Ball
2-0: Ball
3-0: Base on Balls
Bartolo Rosas to third
Patrick Eggen to second
Pitching: RHP Jeff Territt
Batting: RHB Raúl Javier Jr. 0-0: Ball
1-0: Foul Ball, location: 2F
1-1: Ball
2-1: Called Strike
2-2: Hit by Pitch
Bartolo Rosas scores
Patrick Eggen to third
Pedro Ortega to second
Batting: RHB Raúl Francisco 0-0: Ball
1-0: Called Strike
1-1: Ball
2-1: Foul Ball, location: 2F
2-2: Grounds into fielders choice 5-2 (Groundball, 25)
Pedro Ortega to third
Raúl Javier Jr. to second
Batting: RHB Carlos Deleón 0-0: Swinging Strike
0-1: Ball
1-1: SINGLE (Line Drive, 8RM)
Pedro Ortega scores
Raúl Javier Jr. to third
Raúl Francisco to second
Batting: RHB Diego Romero 0-0: Called Strike
0-1: Swinging Strike
0-2: Foul Ball, location: 2F
0-2: Strikes out looking
Top of the 6th over - 3 runs, 2 hits, 0 errors, 3 left on base; Pennsauken 3 - Sioux Falls 2
BOTTOM OF THE 6TH
Sioux Falls Red Pandas batting - Pitching for Pennsauken Flyers : RHP Luis Torrez
Batting: LHB José León 0-0: Ball
1-0: Ball
2-0: Ground out 4-3 (Groundball, 34D)
Batting: RHB Juan Aguirre 0-0: Called Strike
0-1: Foul Ball, location: 2F
0-2: Fly out, F8 (Flyball, 89D)
Batting: RHB Lorenzo Díaz 0-0: Ball
1-0: Ball
2-0: Ball
3-0: Base on Balls
Batting: LHB Magali Lenidas 0-0: SINGLE (Groundball, 25) (infield hit)
Lorenzo Díaz to second
Batting: LHB John Brewer 0-0: Ball
1-0: Ground out 1-3 (Groundball, 13S)
Bottom of the 6th over - 0 runs, 1 hit, 0 errors, 2 left on base; Pennsauken 3 - Sioux Falls 2
TOP OF THE 7TH
Pennsauken Flyers batting - Pitching for Sioux Falls Red Pandas : RHP Jeff Territt
Batting: LHB Manuel Márquez 0-0: SINGLE (Line Drive, 56D)
Batting: RHB Bartolo Rosas 0-0: Ball
1-0: Ball
2-0: Foul Ball, location: 2F
2-1: Swinging Strike
2-2: SINGLE (Groundball, 56) (infield hit)
Manuel Márquez to second
Pinch Runner at 1st Renato Zuvic:
Batting: RHB Patrick Eggen 0-0: Ball
1-0: Ball
2-0: Called Strike
2-1: Foul Ball, location: 2F
2-2: Strikes out swinging
Pitching: RHP José Caballero
Batting: RHB Enrique Ibarra 0-0: Ball
1-0: Grounds into double play, 6-4-3 (Groundball, 6)
Top of the 7th over - 0 runs, 2 hits, 0 errors, 1 left on base; Pennsauken 3 - Sioux Falls 2
BOTTOM OF THE 7TH
Sioux Falls Red Pandas batting - Pitching for Pennsauken Flyers : RHP Luis Torrez
Now in CF: Renato Zuvic
Batting: LHB Mike Goff 0-0: Ball
1-0: Foul Ball, location: 2F
1-1: Swinging Strike
1-2: Foul Ball, location: 2F
1-2: Fly out, F9 (Flyball, 89XD)
Batting: LHB Jorge Flores 0-0: Called Strike
0-1: Swinging Strike
0-2: Fly out, F8 (Flyball, 8LM)
Batting: RHB Pedro Morales 0-0: Fly out, F6 (Popup, 6)
Bottom of the 7th over - 0 runs, 0 hits, 0 errors, 0 left on base; Pennsauken 3 - Sioux Falls 2
TOP OF THE 8TH
Pennsauken Flyers batting - Pitching for Sioux Falls Red Pandas : RHP José Caballero
Batting: SHB Pedro Ortega 0-0: Ball
1-0: Ball
2-0: Called Strike
2-1: Foul Ball, location: 2F
2-2: Ball
3-2: Strikes out swinging
Batting: RHB Raúl Javier Jr. 0-0: Ball
1-0: Ball
2-0: Called Strike
2-1: Foul Ball, location: 2F
2-2: Ball
3-2: Fly out, F8 (Line Drive, 8RD)
Batting: RHB Raúl Francisco 0-0: Ball
1-0: Fly out, F7 (Flyball, 7S)
Top of the 8th over - 0 runs, 0 hits, 0 errors, 0 left on base; Pennsauken 3 - Sioux Falls 2
BOTTOM OF THE 8TH
Sioux Falls Red Pandas batting - Pitching for Pennsauken Flyers : RHP Luis Torrez
Batting: RHB Pau Arria 0-0: Called Strike
0-1: Ground out 4-3 (Groundball, 34S)
Batting: LHB José León 0-0: Called Strike
0-1: Ball
1-1: Foul Ball, location: 2F
1-2: SINGLE (Line Drive, 5L)
Pinch Hitting: SHB Xavier Vásquez 0-0: Ball
1-0: Called Strike
1-1: Ball
2-1: Called Strike
2-2: Foul Ball, location: 2F
2-2: Ball
3-2: Foul Ball, location: 2F
3-2: Foul Ball, location: 2F
3-2: Fly out, F7 (Flyball, 7S)
Pinch Hitting: LHB José Vargas 0-0: Fly out, F8 (Flyball, 8RM)
Bottom of the 8th over - 0 runs, 1 hit, 0 errors, 1 left on base; Pennsauken 3 - Sioux Falls 2
TOP OF THE 9TH
Pennsauken Flyers batting - Pitching for Sioux Falls Red Pandas : RHP José Caballero
Now at 2B: Xavier Vásquez
Now at SS: Luis Alomar
Batting: RHB Carlos Deleón 0-0: Called Strike
0-1: Ball
1-1: Ball
2-1: Ball
3-1: Called Strike
3-2: Base on Balls
Batting: RHB Diego Romero 0-0: Called Strike
0-1: Foul Ball, location: 2F
0-2: Strikes out looking and he physically ARGUES THE CALL AND IS TOSSED!
Pitching: LHP Adrian Neumann
Pinch Hitting: RHB Roy McFerran 0-0: Foul Ball, location: 2F
0-1: Ball
1-1: Foul Ball, location: 2F
1-2: Ball
2-2: Ball
3-2: Grounds into double play, 5-4-3 (Groundball, 56)
Top of the 9th over - 0 runs, 0 hits, 0 errors, 0 left on base; Pennsauken 3 - Sioux Falls 2
BOTTOM OF THE 9TH
Sioux Falls Red Pandas batting - Pitching for Pennsauken Flyers : RHP Luis Torrez
Pitching: RHP Mau Delgado
Now at 3B: Clarence Therrien
Now in RF: Marc Beck
Batting: LHB Magali Lenidas 0-0: Called Strike
0-1: Ball
1-1: Ball
2-1: Ball
3-1: Fly out, F7 (Flyball, 7D)
Batting: LHB John Brewer 0-0: Hit by Pitch
Pinch Runner at 1st Dave Henderson:
Batting: LHB Mike Goff 0-0: Ball
1-0: Grounds into double play, 5-4-3 (Groundball, 5L)
Bottom of the 9th over - 0 runs, 0 hits, 0 errors, 0 left on base; Pennsauken 3 - Sioux Falls 2
Sunday, March 18th, 2018 - OOTP Baseball 18.8 Build 76